 Dungeon Crawl Stone Soup version 0.20-b1-18-gaa2fd62 (webtiles) character file.

240 Gorglomux the Chopper (level 5, 0/48 HPs)
             Began as a Minotaur Berserker on May 24, 2017.
             Was a Believer of Trog.
             Succumbed to a killer bee's poison
             ... on level 3 of the Dungeon.
             The game lasted 00:00:56 (1447 turns).

Gorglomux the Chopper (Minotaur Berserker)          Turns: 1447, Time: 00:00:56

Health: 0/48       AC:  8    Str: 21    XL:     5   Next: 79%
Magic:  4/4        EV:  8    Int:  9    God:    Trog [**....]
Gold:   109        SH:  0    Dex: 11    Spells: 4/4 levels left

rFire    . . .     SeeInvis .   a - +0 hand axe
rCold    . . .     Gourm    .   (no shield)
rNeg     . . .     Faith    .   e - +0 chain mail
rPois    .         Spirit   .   (helmet restricted)
rElec    .         Reflect  .   (no cloak)
rCorr    .         Harm     .   (no gloves)
MR       .....                  (no boots)
Stlth    ..........             (no amulet)
Regen    0.2/turn               d - +5 ring of intelligence
MPRegen  0.1/turn               (no ring)

@: lethally poisoned (0 -> -16), berserk cooldown, slowed, very slow
A: retaliatory headbutt, horns 2
a: Berserk, Trog's Hand, Burn Spellbooks, Renounce Religion


You were on level 3 of the Dungeon.
You worshipped Trog.
Trog was pleased with you.
You were near starving.

You visited 1 branch of the dungeon, and saw 3 of its levels.

You collected 109 gold pieces.

Inventory:

Hand Weapons
 a - a +0 hand axe (weapon)
Armour
 b - a +0 animal skin
 e - a +0 chain mail (worn)
   (You found it on level 1 of the Dungeon)
Jewellery
 d - a +5 ring of intelligence (left hand)
   (You found it on level 1 of the Dungeon)
 k - an uncursed ring of protection from fire {unknown}
   (You found it on level 2 of the Dungeon)
Scrolls
 h - a scroll of magic mapping {unknown}
 i - a scroll of teleportation {unknown}
 j - a scroll of amnesia {unknown}
 m - a scroll of remove curse {unknown}
 o - 2 scrolls of noise {unknown}
Potions
 g - 2 potions of heal wounds {unknown}
 l - 2 potions of degeneration {unknown}
 n - 2 potions of might {unknown}
Comestibles
 c - 4 bread rations {@e1}
 f - a meat ration {@e2}


   Skills:
 + Level 5.2 Fighting
 * Level 7.0 Axes
 - Level 2.4 Armour
 - Level 2.1 Dodging


You had 4 spell levels left.
You didn't know any spells.

Dungeon Overview and Level Annotations

Branches:
Dungeon (3/15)

Altars:
Cheibriados


Innate Abilities, Weirdness & Mutations

You reflexively headbutt those who attack you in melee.
You have a pair of horns on your head.


Message History

There are monsters nearby!
You are too injured to fight recklessly!
You are too injured to fight recklessly!
You are too injured to fight recklessly!
You are too injured to fight recklessly!
You are too injured to fight recklessly!
There are monsters nearby!
You are too injured to fight recklessly!
You are too injured to fight recklessly!
You are too injured to fight recklessly!
You are too injured to fight recklessly!
You are too injured to fight recklessly!
There are monsters nearby!
You are too injured to fight recklessly!
You are too injured to fight recklessly!
You are too injured to fight recklessly!
You are too injured to fight recklessly!
You are too injured to fight recklessly!
There are monsters nearby!
You are too injured to fight recklessly!
You are too injured to fight recklessly!
You are too injured to fight recklessly!
You are too injured to fight recklessly!
You are too injured to fight recklessly!
A red film seems to cover your vision as you go berserk!
You feel yourself moving faster!
You feel mighty!
You are feeling very hungry.
You feel sick. 2 killer bees come into view.
The killer bee buzzes angrily. x2
You slash the orc!
You kill the orc!
Trog accepts your kill.
You hit the orc wizard.
The killer bee moves out of view.
The orc wizard gestures at you while chanting.
You resist with some effort.
A killer bee comes into view.
You feel sick.
The killer bee buzzes angrily.
Things that are here:
a club; a scale mail You feel a strong urge to attack something.
The killer bee stings you.
The orc wizard points at you and mumbles some strange words.
The puff of flame hits you!
Unknown command.
You closely miss the killer bee.
You feel sick. The killer bee stings you.
The killer bee stings you but does no damage.
You miss the killer bee. You hit the orc wizard. The killer bee stings you.
An orc comes into view. It is wielding a short sword.
You slash the killer bee! Your headbutt misses the killer bee.
You barely miss the orc wizard.
The killer bee stings you but does no damage.
The orc wizard hits you but does no damage.
You miss the killer bee. You headbutt the killer bee.
You kill the killer bee!
Trog accepts your kill.
You have reached level 5!
You hit the orc wizard.
You kill the orc wizard!
Trog accepts your kill.
Trog appreciates your killing of a magic user.
Your Fighting skill increases to level 5!
You feel sick. The killer bee barely misses you.
Your chain mail prevents you from hitting the killer bee.
Your headbutt misses the killer bee. The killer bee misses you.
You furiously retaliate!
You headbutt the killer bee! You closely miss the killer bee.
Your headbutt misses the killer bee.
The killer bee stings you but does no damage.
You slash the killer bee!
You kill the killer bee!
Trog accepts your kill.
Your Axes skill increases to level 7!
You feel sick.
An orc comes into view.
You miss the killer bee.
The orc shouts!
The killer bee stings you.
* * * LOW HITPOINT WARNING * * *
You are more poisoned.
The killer bee poisons you! The killer bee stings you.
* * * LOW HITPOINT WARNING * * *
You are lethally poisoned!
The killer bee poisons you!
You barely miss the killer bee.
* * * LOW HITPOINT WARNING * * *
You feel sick. The killer bee stings you.
* * * LOW HITPOINT WARNING * * *
A giant cockroach comes into view.
Unknown command.
You barely miss the killer bee.
You are near starving!
* * * LOW HITPOINT WARNING * * *
You feel sick. The killer bee stings you.
* * * LOW HITPOINT WARNING * * *
Unknown command.
You are no longer berserk.
You are exhausted.
You feel yourself slow down.
You die...

######.###
#.@.yoo..#
#.####s#.#
#)##<#
#.##.#
#(##.#
#(##.#
#.##.#
#.(..#
######


You could see a killer bee, 2 orcs and a giant cockroach.

Vanquished Creatures
  2 killer bees (D:3)
  Terence (D:2)
  An orc wizard (D:3)
  4 adders (D:2)
  An ooze (D:2)
  A worm (D:1)
  A dart slug (D:2)
  2 leopard geckos (D:2)
  An orc (D:3)
  A ball python (D:2)
  A giant cockroach (D:1)
  10 hobgoblins
  4 jackals (D:2)
  5 kobolds
  A quokka (D:2)
  6 bats
  5 frilled lizards
  4 goblins
  5 rats
56 creatures vanquished.

Notes
Turn   | Place    | Note
-------+----------+-------------------------------------------
     0 | D:1      | Gorglomux the Minotaur Berserker began the quest for the Orb.
     0 | D:1      | Reached XP level 1. HP: 19/19 MP: 0/0
    71 | D:1      | Reached skill level 4 in Axes
    75 | D:1      | Reached XP level 2. HP: 10/27 MP: 1/1
   703 | D:1      | Reached ** piety under Trog
   756 | D:2      | Reached skill level 4 in Fighting
   763 | D:2      | Reached XP level 3. HP: 33/33 MP: 2/2
   984 | D:2      | Reached skill level 5 in Axes
  1048 | D:2      | Found a snail-covered altar of Cheibriados.
  1158 | D:2      | Reached XP level 4. HP: 38/41 MP: 3/3
  1185 | D:2      | Noticed Terence
  1198 | D:2      | Killed Terence
  1256 | D:2      | Reached skill level 6 in Axes
  1440 | D:3      | Reached XP level 5. HP: 23/47 MP: 4/4
  1440 | D:3      | Reached skill level 5 in Fighting
  1443 | D:3      | Reached skill level 7 in Axes
  1444 | D:3      | HP: 17/72 [killer bee (5)]
  1445 | D:3      | HP: 8/72 [killer bee (3)]
  1446 | D:3      | HP: 1/72 [killer bee (6)]
  1447 | D:3      | Succumbed to a killer bee's poison

Skill      XL: |  1  2  3  4  5 |
---------------+----------------+-----
Axes           | 4 5 6 7 |  7.0
Fighting       | 4 5 |  5.2
Armour         | |  2.4
Dodging        | |  2.1

Action                   |  1- 3 |  4- 6 || total
-------------------------+-------+-------++-------
Melee: Hand axe          |    77 |    34 ||   111
       Headbutt          |     7 |     2 ||     9
Invok: Berserk           |       |     2 ||     2
 Stab: Sleeping          |     1 |       ||     1
  Eat: Chunk             |       |     2 ||     2
Armor: Chain mail        |    40 |    13 ||    53
Dodge: Dodged            |    30 |    10 ||    40

Vault maps used:
D:1:      roderic_crop_circles_arrival_small
D:2:      kennysheep_big_flooded_room, first_bread, cheibriados_altar_1,
          uniq_terence
D:3:      cheibrodos_old_hovel

Table legend:
 A = Turns spent in this place as a percentage of turns spent in the entire game.
 B = Non-inter-level travel turns spent in this place as a percentage of non-inter-level travel turns spent in the entire game.
 C = Inter-level travel turns spent in this place as a percentage of turns spent in this place.
 D = Turns resting spent in this place as a percentage of non-inter-level travel turns spent in this place.
 E = Turns spent auto-exploring this place as a percentage of non-inter-level travel turns spent in this place.
 F = Non-inter-level travel turns spent in this place divided by the number of levels of this place that you've seen.
                   A       B       C       D       E      F
               +-------+-------+-------+-------+-------+----------------------
         Total | 100.0 | 100.0 |   0.3 |   0.3 |   9.6 | 253.7
       Dungeon | 100.0 | 100.0 |   0.3 |   0.3 |   9.6 | 253.7
               +-------+-------+-------+-------+-------+----------------------

Table legend:
 A = Kills in this place as a percentage of kills in entire the game.
 B = Kills by you in this place as a percentage of kills by you in the entire game.
 C = Kills by friends in this place as a percentage of kills by friends in the entire game.
 D = Other kills in this place as a percentage of other kills in the entire game.
 E = Experience gained in this place as a percentage of experience gained in the entire game.
 F = Experience gained in this place divided by the number of levels of this place that you have seen.
                   A       B       C       D       E      F
               +-------+-------+-------+-------+-------+----------------------
         Total | 100.0 | 100.0 |  -nan |  -nan | 100.0 | 114.3
       Dungeon | 100.0 | 100.0 |  -nan |  -nan | 100.0 | 114.3
               +-------+-------+-------+-------+-------+----------------------
